 Dungeon Crawl Stone Soup version bcrawl-1.39.1 (webtiles) character file.

Game seed: 2790621774511663305

22776667 zoran the Hawkeye (level 27, 291/291 HPs)
             Began as a Troll Martial Artist on Oct 8, 2023.
             Was the Champion of Wu Jian.
             Escaped with the Orb
             ... and 4 runes!
             The game lasted 03:10:40 (49235 turns).

zoran the Hawkeye (Troll Martial Artist)           Turns: 49235, Time: 03:10:41

Health: 291/291    AC: 28    Str: 38    XL:     27
Magic:  18/29      EV: 19    Int:  6    God:    Wu Jian [******]
Gold:   8039       SH: 32    Dex: 19    Spells: 33/36 levels left

rFire    + + +     GDR:     33%   - Claws (68.6)
rCold    + . .     SeeInvis +   w - +8 large shield {rN+}
rNeg     + . .     Gourm    +   (armour unavailable)
rPois    +         Faith    .   s - +2 hat "Sunie" {rPois Regen+ Str+6 Dex-3}
rElec    +         Spirit   .   A - +2 cloak {rF+}
rCorr    .         Reflect  .   (gloves unavailable)
MR       ++++.                  (boots unavailable)
Stlth    +.........             X - amulet "Ibowet" {Acrobat rF+ Dex+2 SInv Stlth-}
HPRegen  1.78/turn              S - ring of the Archfiend {MR++ AC+4 Str+3}
MPRegen  0.21/turn              Y - ring of insulation

@: glowing, studying Air Magic
A: large, almost no armour, claws 3, slimy green scales 1, camouflage 1, cold
resistance 1, fire resistance 1, fast metabolism 3, gourmand, low mp 1,
regeneration 2, no potion heal 1, MP-powered wands, AC +17
0: Orb of Zot
}: 4/15 runes: decaying, slimy, silver, gossamer
a: Wall Jump, Serpent's Lash, Heavenly Storm, Renounce Religion


You escaped.
You worshipped Wu Jian.
Wu Jian was exalted by your worship.
You were hungry.

You visited 10 branches of the dungeon, and saw 44 of its levels.
You visited 1 bazaar.
You also visited: Ice Cave, Volcano and Wizlab.

You collected 9222 gold pieces.
You spent 1183 gold pieces at shops.

Inventory:

Hand Weapons
 c - a +9 blowgun
Missiles
 g - 187 curare-tipped needles
 i - 1291 large rocks (quivered)
 B - 6 throwing nets {=f}
 E - 26 needles of frenzy {=f}
 I - 183 poisoned tomahawks
Armour
 s - the +2 hat "Sunie" (worn) {rPois Regen+ Str+6 Dex-3}
   (You acquired it on level 2 of the Spider Nest)

   It affects your strength (+6).
   It affects your dexterity (-3).
   It protects you from poison.
   It increases your rate of regeneration.
 w - a +8 large shield of positive energy (worn)
 A - a +2 cloak of fire resistance (worn)
Jewellery
 y - a +4 ring of intelligence
 S - the ring of the Archfiend (left claw) {MR++ AC+4 Str+3}
   (You acquired it on level 1 of the Lair of Beasts)

   [ring of protection]

   It affects your AC (+4).
   It affects your strength (+3).
   It affects your resistance to hostile enchantments.
 W - an uncursed ring of resist corrosion
 X - the amulet "Ibowet" (around neck) {Acrobat rF+ Dex+2 SInv Stlth-}
   (You found it on level 11 of the Dungeon)

   [amulet of the acrobat]

   It helps you evade while moving and waiting.
   It affects your dexterity (+2).
   It protects you from fire.
   It lets you see invisible.
   It makes you less stealthy.
 Y - a ring of insulation (right claw)
Wands
 f - a wand of acid (5)
 x - a wand of disintegration (17)
 z - a wand of clouds (3)
 G - a wand of paralysis (11)
 H - a wand of digging (14)
 J - a wand of polymorph (13)
 Z - a wand of iceblast (42)
Scrolls
 b - 2 scrolls of immolation
 d - 7 scrolls of fog
 h - 26 scrolls of remove curse
 k - 3 scrolls of blinking
 v - 11 scrolls of teleportation
 C - 2 scrolls of noise
 M - a scroll of vulnerability
 O - 2 scrolls of silence
Potions
 a - 2 potions of agility
 l - 2 potions of resistance
 n - 4 potions of heal wounds
 o - 7 potions of lignification
 p - a potion of ambrosia
 q - 3 potions of mutation
 r - 14 potions of curing
 t - 2 potions of haste
 u - a potion of berserk rage
 D - 8 potions of brilliance
 F - 3 potions of magic
 N - 2 potions of flight
 P - 3 potions of invisibility
Miscellaneous
 K - a phial of floods
 L - a sack of spiders (inert)
 Q - 4 boxes of beasts
 R - a fan of gales (1/2)
 T - 2 phantom mirrors
 U - a lamp of fire
 V - a lightning rod (4/4)
Comestibles
 e - 72 rations {!d}


   Skills:
 - Level 20.0 Fighting
 - Level 21.0 Throwing
 + Level 15.6 Dodging
 - Level 5.0 Stealth
 - Level 15.0 Shields
 - Level 20.0 Unarmed Combat
 - Level 5.0 Spellcasting
 - Level 1.0 Hexes
 - Level 5.0 Translocations
 - Level 15.0 Evocations


You had 33 spell levels left.
You knew the following spells:

 Your Spells              Type           Power        Failure   Level  Hunger
a - Confusing Touch       Hex            #.......     86%         1    None
l - Blink                 Tloc           N/A          45%         2    None

Your spell library contained the following spells:

 Spells                   Type           Power        Failure   Level  Hunger
 Apportation              Tloc           #.....       32%         1    None
 Blink Other              Tloc           #.....       32%         1    None
 Beckoning                Tloc           #.........   69%         3    ###....
 Portal Projectile        Tloc           #.....       69%         3    ###....
 Teleport Other           Tloc           #.......     69%         3    ###....
 Throw Frost              Conj/Ice       #.....       80%         2    None
 Corona                   Hex            #......      86%         1    None
 Slow                     Hex            #.......     86%         1    None
 Beastly Appendage        Tmut           #.....       95%         1    None
 Flame Tongue             Conj/Fire      #....        95%         1    None
 Freeze                   Ice            #.....       95%         1    None
 Magic Dart               Conj           #...         95%         1    None
 Sandblast                Erth           #.....       95%         1    None
 Static Discharge         Air            #.....       95%         1    None
 Sting                    Conj/Pois      #...         95%         1    None
 Shackle                  Hex            #.......     95%         2    None
 Recall                   Summ/Tloc      N/A          95%         3    ###....
 Ensorcelled Hibernation  Hex/Ice        #.....       97%         2    None
 Force Lance              Tloc           #.......     97%         4    #####..
 Call Imp                 Summ           #.....       98%         2    None
 Passwall                 Tmut/Erth      #.......     98%         2    None
 Poisonous Vapours        Pois/Air       #.....       98%         2    None
 Searing Ray              Conj           #.......     98%         2    None
 Sticks to Snakes         Tmut           #.......     98%         2    None
 Sublimation of Blood     Necr           #.........   98%         2    None
 Confuse                  Hex            #.......     99%         3    ###....
 Dazzling Orbs            Conj/Hex       #......      99%         3    ###....
 False Image              Hex/Summ       #.......     99%         3    ###....
 Inner Flame              Hex/Fire       N/A          99%         3    ###....
 Tukima's Dance           Hex            #.......     99%         3    ###....
 Conjure Flame            Conj/Fire      #.......     100%        3    ###....
 Ignite Poison            Fire/Tmut/Pois #.......     100%        3    ###....
 Iskenderun's Mystic Bla  Conj           #.......     100%        3    ###....
 Mephitic Cloud           Conj/Pois/Air  #.......     100%        3    ###....
 Ozocubu's Armour         Chrm/Ice       #.......     100%        3    ###....
 Regeneration             Chrm/Necr      #.........   100%        3    ###....
 Spider Form              Tmut/Pois      #..          100%        3    ###....
 Stone Arrow              Conj/Erth      #.....       100%        3    ###....
 Animate Dead             Necr           N/A          100%        4    #####..
 Cause Fear               Hex            #.........   100%        4    #####..
 Fulminant Prism          Conj/Hex       #.........   100%        4    #####..
 Ice Form                 Ice/Tmut       #.......     100%        4    #####..
 Lightning Bolt           Conj/Air       #.......     100%        4    #####..
 Olgreb's Toxic Radiance  Pois           #........    100%        4    #####..
 Petrify                  Tmut/Erth      #.........   100%        4    #####..
 Sticky Flame             Conj/Fire      #.......     100%        4    #####..
 Summon Ice Beast         Ice/Summ       #.......     100%        4    #####..
 Summon Scorpions         Summ/Pois      #.......     100%        4    #####..
 Throw Icicle             Conj/Ice       #.......     100%        4    #####..
 Tree Form                Hex/Tmut       N/A          100%        4    #####..
 Yara's Violent Unravell  Hex/Tmut       #.........   100%        4    #####..
 Blade Hands              Tmut           #.........   100%        5    ######.
 Bolt of Magma            Conj/Fire/Erth #.........   100%        5    ######.
 Dispel Undead            Necr           #.......     100%        5    ######.
 Freezing Cloud           Ice/Air        #.......     100%        5    ######.
 Irradiate                Conj/Tmut      #.........   100%        5    ######.
 Lee's Rapid Deconstruct  Erth           #.........   100%        5    ######.
 Metabolic Englaciation   Hex/Ice        #.........   100%        5    ######.
 Steam Barrier            Chrm/Fire      #.........   100%        5    ######.
 Summon Demon             Summ           #.........   100%        5    ######.
 Summon Forest            Summ/Tloc      #.........   100%        5    ######.
 Summon Lightning Spire   Summ/Air       #.......     100%        5    ######.
 Summon Mana Viper        Hex/Summ       #.......     100%        5    ######.
 Venom Bolt               Conj/Pois      #.........   100%        5    ######.
 Aura of Abjuration       Summ           #.........   100%        6    #######
 Bolt of Cold             Conj/Ice       #.........   100%        6    #######
 Conjure Ball Lightning   Conj/Air       #.........   100%        6    #######
 Death Channel            Chrm/Necr      #.........   100%        6    #######
 Dispersal                Tloc           #.........   100%        6    #######
 Iron Shot                Conj/Erth      #.........   100%        6    #######
 Ozocubu's Refrigeration  Ice            #.........   100%        6    #######
 Simulacrum               Ice/Necr       #.......     100%        6    #######
 Statue Form              Tmut/Erth      #........    100%        6    #######
 Virulence                Hex/Pois       #.......     100%        6    #######
 Controlled Blink         Tloc           #.......     100%        7    #######
 Icicle Burst             Conj/Ice       #.........   100%        7    #######
 Shadow Creatures         Summ           N/A          100%        7    #######
 Chain Lightning          Conj/Air       #.........   100%        8    #######
 Ignition                 Fire           #.........   100%        8    #######
 Tornado                  Tloc/Air       #.........   100%        8    #######
 Fire Storm               Conj/Fire      #.........   100%        9    #######
 Shatter                  Erth           #.........   100%        9    #######
 Passage of Golubria      Tloc           Unusable     N/A         5    N/A

Dungeon Overview and Level Annotations

Branches:
Dungeon (12/12)            Temple (0/1) D:5            Lair (6/6) D:8
  Swamp (3/3) Lair:2       Spider (3/3) Lair:3        Slime (5/5) Orc
    Orc (1/1) D:11         Vaults (3/3) D:12         Forest (0/3) Lair:5
  Crypt (0/2) Vaults:1     Depths (5/5) D:12           Hell (1/1)
    Zot (5/5) Depths:5
    Dis: Hell:1         Geh: Hell:1         Coc: Hell:1         Tar: Hell:1

Altars:
Ashenzari
Cheibriados
Dithmenos
Fedhas
Hepliaklqana
Kikubaaqudgha
Lugonu
Makhleb
Trog
Uskayaw
Yredelemnul
Jiyva

Shops:
D:4 ?   D:6 [   D:9 *   D:12 (   Orc *=[(   Vaults:1 =   Vaults:2 =
Depths:4 *

Portals:
Hell: Depths:1 Depths:2 Depths:3 Depths:4 Depths:5
Abyss: Depths:1 Depths:2 Depths:4 Depths:5
Pandemonium: Depths:3 Depths:4 Depths:5
Ziggurat: Depths:5
Trove: D:9 (give 5 potions of haste)

Annotations:
D:9 2 transporters
Lair:5 2 transporters, exclusion: orange crystal statue, yrara's ghost, journeyman DsFi
Spider:1 exclusion: orange crystal statue
Hell Murray
Zot:4 1 runed door


Innate Abilities, Weirdness & Mutations

You cannot wear most types of armour.
Your thick skin is tough. (AC +17)
You are too large for most types of armour.
You have claws for hands.
Your flesh is cold resistant. (rC+)
Your flesh is heat resistant. (rF+)
Your metabolism is lightning-fast.
You like to eat raw meat.
You heal very quickly.
You are partially covered in slimy green scales. (AC +2)
Your skin changes colour to match your surroundings (Stealth+).
Your magical capacity is low. (-10% MP)
Potions are less effective at restoring your health.
You expend magic power (3 MP) to strengthen your wands.


Message History

This square is covered in magical glow.
You feel a surge of power!
The rock shatters into small pieces. 2 angels come into view.
An angel is wielding a +3 whip of holy wrath.
An angel is wielding a +2 sacred scourge of holy wrath.
The angel shouts!
The angel moves out of view.
Evoke which item? (* to show all) (? for menu, Esc to quit)
Aiming: Dig
Press: ? - help, Shift-Dir - straight line This square is covered in magical glow.
You feel a surge of power!
The rock shatters into small pieces.
You use a rune to identify the item.
You see here a +0 short sword.
There is an open door here.
There is an open door here.
You block the angel's attack. x2
There is a staircase leading out of the dungeon here.
You block the angel's attack. x2
The power of the Orb breaks the dimensional shunt like a soap bubble!
You have escaped!

.# #.#.############.# .#
#.#.....'......#.# .#
#.#.#.########.#.# .#
#.#.#...'....#.#.# .##
#.#.#)#.####.#.#.#
..#######.#.#.#>'..#.#.#.#
........#'#'#'###..#.#.#.#
..####.##.#.#..###'#'#'#'#
.## #.##.#.#..A@#.#.#.#.#
.# #.##.#.######.#.#.#.#
## #.##.#....'...#.#.#.#
#.##.##########.#.#.#
#.##......'.....#.#.#
######.###############.#.#
...............'.......#.#
#######..#####.#########.#
#........'.........#


You could see an angel.

Vanquished Creatures
  the Royal Jelly (Slime:5)
  3 juggernauts
  3 orbs of fire (Zot:5)
  3 ancient liches (Zot:5)
  7 Killer Klowns
  Bai Suzhen (D:12)
  5 golden dragons
  A curse toe (Zot:2)
  A caustic shrike (Zot:1)
  Arachne (Spider:2)
  Geryon (Hell)
  Nikola (Vaults:1)
  3 bone dragons
  5 rockslimes
  Zenata (Vaults:2)
  Frances (D:12)
  4 electric golems (Zot:5)
  A Brimstone Fiend (D:3)
  29 Orb Guardians
  Jorgrun (D:11)
  2 wendigos
  Rupert (D:12)
  2 liches
  23 tentacled monstrosities
  12 quicksilver dragons
  19 acid blobs
  A titan (Vaults:3)
  3 sphinxes
  A shadow dragon (shapeshifter) (Depths:3)
  8 death cobs
  3 ghouls (Swamp:3)
  8 thorn hunters
  17 storm dragons
  9 tengu reavers
  11 shadow dragons
  11 draconian knights
  2 greenwood witches
  3 draconian monks
  4 apis (Lair:5)
  Roxanne (Swamp:2)
  8 war gargoyles
  18 fire giants
  15 frost giants
  3 balrugs
  2 ghost moths
  14 azure jellies
  4 emperor scorpions
  An orc warlord (Orc)
  11 vault wardens
  A cacodemon (D:5)
  4 draconian shifters
  3 draconian stormcallers
  3 iron dragons
  2 draconian annihilators
  A caustic shrike skeleton (Depths:2)
  34 stone giants
  8 draconian scorchers
  3 spriggan defenders
  2 jiangshi (Depths:4)
  A reaper (Hell)
  30 very ugly things
  10 ironheart preservers
  2 eyes of devastation
  4 vampire knights
  6 green draconians
  2 entropy weavers
  16 purple draconians
  16 white draconians
  15 yellow draconians
  15 black draconians
  8 spark wasps
  13 red draconians
  A lorocyproca (D:2)
  5 dire elephants
  3 green deaths
  18 yaktaur captains
  12 fire dragons
  Snorg (D:12)
  21 ettins
  Fannar (Lair:1)
  A quicksilver dragon zombie (Swamp:3)
  7 rakshasas
  11 hydras
  12 ice dragons
  6 shambling mangroves
  3 spriggan air magi
  31 vault guards
  A catoblepas (Lair:6)
  7 ghost crabs
  14 great orbs of eyes
  A death knight (Vaults:2)
  4 shadow wraiths
  2 dancing weapons (Vaults:3)
  10 death oozes
  15 alligators
  3 alligator snapping turtles
  A death yak (shapeshifter) (Depths:1)
  29 two-headed ogres
  11 ogre magi
  2 tengu warriors
  2 ironheart beastmasters
  An orc high priest (Orc)
  12 deep troll earth magi
  3 ancient automatons
  3 vampire magi
  2 soul eaters (Hell)
  2 deep elf knights
  A spriggan berserker (Depths:5)
  9 deep troll shamans
  27 deep trolls
  15 centaur warriors
  2 sun demons (Depths:1)
  A sixfirhy (Depths:5)
  21 hell knights
  4 unseen horrors
  4 spectral hydras (Swamp:3)
  An unseen horror (shapeshifter) (Vaults:3)
  2 death drakes
  A deep elf archer (Vaults:1)
  4 spriggan druids
  3 swamp dragons
  2 anaconda zombies (Swamp:3)
  A cyclops (shapeshifter) (Depths:2)
  11 glowing orange brains
  10 ironheart convokers
  3 flayed ghosts
  An orange crystal statue (Spider:1)
  4 phantasmal warriors
  9 wizards
  3 lindwurms
  2 anaconda skeletons (Swamp:3)
  8 orb spiders
  2 lindwurms (shapeshifter)
  8 necromancers
  23 wolf spiders
  2 harpies (shapeshifter)
  51 ugly things
  6 deep elf magi
  6 shining eyes
  4 orc knights
  6 elephants
  4 orc sorcerers (Orc)
  A manticore (D:11)
  A stone giant zombie (Depths:2)
  A fire giant zombie (Depths:2)
  22 moths of wrath
  20 vault sentinels
  2 guardian serpents
  A salamander (Depths:1)
  A water nymph (shapeshifter) (Depths:2)
  A frost giant skeleton (Depths:2)
  A guardian serpent (shapeshifter) (Depths:1)
  2 ice statues (IceCv)
  37 cane toads
  A gargoyle (D:10)
  6 demonic crawlers
  7 black mambas
  A torpor snail (Lair:4)
  4 rime drakes
  14 komodo dragons
  63 yaktaurs
  A komodo dragon (shapeshifter) (Vaults:3)
  20 jumping spiders
  3 efreet
  A guardian mummy (D:9)
  4 tengu conjurers
  9 freezing wraiths
  A red devil (Depths:1)
  6 meliai
  3 hydra zombies (Swamp:3)
  7 trolls
  Maurice (D:12)
  A polar bear (shapeshifter) (Vaults:2)
  A wind drake (shapeshifter) (Depths:3)
  27 hornets
  A hornet (shapeshifter) (Depths:5)
  5 dream sheep (Lair:4)
  2 harpy skeletons
  A stone giant simulacrum (Depths:2)
  8 hippogriffs
  145 slime creatures
  18 blink frogs
  10 tyrant leeches
  A spriggan zombie (Hell)
  9 bog bodies
  15 spriggans
  A vampire (Depths:4)
  48 yaks
  24 tarantellas
  2 wraiths
  3 wyverns
  3 basilisks
  3 fire elementals
  Eustachio (D:6)
  3 golden eyes
  49 redbacks
  26 vampire mosquitoes
  3 hungry ghosts
  A steam dragon (D:8)
  A harpy simulacrum (D:12)
  3 acid dragons
  A swamp worm (shapeshifter) (Depths:3)
  13 swamp worms
  12 crocodiles
  Edmund (D:6)
  6 porcupines
  4 wargs
  A crocodile (shapeshifter) (Vaults:3)
  12 water moccasins
  2 ice beasts (shapeshifter) (Vaults:3)
  10 swamp drakes
  15 ice beasts
  A black bear (Lair:5)
  3 hornet zombies
  16 orc warriors
  3 sky beasts
  4 phantoms
  26 ogres
  17 boggarts
  6 wolves (Lair:4)
  Blork the orc (D:6)
  22 bullfrogs
  2 kobold brigands
  4 centaurs
  5 scorpions
  8 killer bees
  2 human simulacra (Vaults:1)
  13 wights
  9 electric eels
  11 orc priests
  8 crimson imps
  4 howler monkeys
  A howler monkey (shapeshifter) (Depths:3)
  3 lava snakes (Lair:5)
  6 hounds
  4 jellies
  An iron imp (Depths:5)
  7 orc wizards
  2 bullfrog skeletons
  An iguana (Lair:2)
  12 worker ants
  A hound zombie (D:8)
  A hound skeleton (D:8)
  4 gnolls (D:4)
  A howler monkey skeleton (D:7)
  9 adders
  2 shadow imps
  An ooze (D:6)
  2 adder skeletons
  4 worms
  4 dart slugs
  6 leopard geckos
  33 orcs
  10 bats
  A bat zombie (D:9)
  A giant cockroach (D:2)
  9 goblins
  5 hobgoblins
  6 jackals
  5 quokkas
  5 ball pythons
  4 frilled lizards
  19 kobolds
  A quokka skeleton (D:4)
  A quokka zombie (D:5)
  7 rats
  A rat zombie (D:9)
  4 briar patches
  A fungus (Lair:5)
  A plant (D:6)
2093 creatures vanquished.

Vanquished Creatures (collateral kills)
  2 Killer Klowns
  An Orb Demon (Zot:5)
  An electric golem (Zot:1)
  A lich (Vaults:3)
  2 tentacled monstrosities (Zot:1)
  An Executioner (D:1)
  2 draconian knights (Zot:5)
  A war gargoyle (Vaults:3)
  A draconian annihilator (Zot:2)
  A purple draconian (Zot:4)
  A white draconian (Zot:2)
  A yellow draconian (Zot:4)
  A moth of wrath (Zot:1)
16 creatures vanquished.

Vanquished Creatures (others)
  A rockslime (Depths:3)
  A tentacled monstrosity (Zot:2)
  2 death cobs
  A draconian knight (Zot:2)
  A ghost moth (Spider:3)
  A draconian shifter (Zot:5)
  A stone giant (Depths:3)
  A draconian scorcher (Zot:2)
  7 very ugly things
  A red draconian (Zot:1)
  2 purple draconians (Zot:2)
  2 yellow draconians
  An ice dragon (Depths:2)
  2 two-headed ogres (Depths:3)
  2 ogre magi
  A spriggan druid (Swamp:3)
  A wolf spider (Spider:2)
  An ugly thing (Depths:3)
  4 moths of wrath
  A yaktaur (Depths:3)
  A hornet (Spider:3)
  2 ogres
  An adder (D:6)
  8 briar patches
  12 fungi
  55 plants
113 creatures vanquished.

Grand Total: 2222 creatures vanquished

Notes
Turn   | Place    | Note
-------+----------+-------------------------------------------
     0 | D:1      | zoran the Troll Martial Artist began the quest for the Orb.
     0 | D:1      | Reached XP level 1. HP: 22/22 MP: 1/1
   242 | D:1      | Reached XP level 2. HP: 29/29 MP: 2/2
   322 | D:1      | Reached ** piety under Wu Jian
   333 | D:1      | Reached XP level 3. HP: 34/36 MP: 3/3
   957 | D:1      | Reached skill level 1 in Stealth
  1348 | D:2      | Gained mutation: Your natural rate of healing is unusually
                  | fast. [Troll growth]
  1348 | D:2      | Reached XP level 4. HP: 35/45 MP: 4/4
  1788 | D:3      | Reached *** piety under Wu Jian
  1874 | D:3      | Found a hazy altar of Hepliaklqana.
  1900 | D:3      | Reached XP level 5. HP: 53/53 MP: 5/5
  1969 | D:3      | Found a shattered altar of Ashenzari.
  1999 | D:3      | Found a burning altar of Makhleb.
  2075 | D:3      | Found a faded altar of an unknown god.
  2241 | D:4      | Reached skill level 5 in Unarmed Combat
  2297 | D:4      | Reached XP level 6. HP: 37/61 MP: 6/6
  2460 | D:4      | Found Cuukhuc's Magic Scroll Shoppe.
  2464 | D:4      | Bought a scroll of teleportation for 36 gold pieces
  2464 | D:4      | Bought a scroll of blinking for 90 gold pieces
  2464 | D:4      | Bought a scroll of identify for 24 gold pieces
  2464 | D:4      | Bought a scroll of identify for 24 gold pieces
  2464 | D:4      | Bought a scroll of identify for 24 gold pieces
  2697 | D:4      | Reached skill level 5 in Dodging
  2888 | D:4      | Noticed a sky beast
  2904 | D:4      | Killed a sky beast
  2905 | D:4      | Reached skill level 1 in Throwing
  2905 | D:4      | Reached XP level 7. HP: 60/67 MP: 7/7
  2987 | D:4      | Reached **** piety under Wu Jian
  3405 | D:5      | Entered Level 5 of the Dungeon
  3495 | D:5      | Reached skill level 2 in Throwing
  3750 | D:5      | Found a staircase to the Ecumenical Temple.
  4112 | D:5      | Found a hide-covered altar of Uskayaw.
  4161 | D:6      | Noticed Eustachio
  4163 | D:6      | Reached skill level 3 in Throwing
  4169 | D:6      | Killed Eustachio
  4170 | D:6      | Reached XP level 8. HP: 78/79 MP: 8/8
  4198 | D:6      | Found Ubijak's Armour Shop.
  4250 | D:6      | Noticed Blork the orc
  4259 | D:6      | Killed Blork the orc
  4260 | D:6      | Reached skill level 4 in Throwing
  4297 | D:6      | Reached skill level 5 in Fighting
  4345 | D:6      | Reached skill level 5 in Throwing
  4353 | D:6      | Noticed a hippogriff
  4361 | D:6      | Killed a hippogriff
  4849 | D:6      | Noticed Edmund
  4854 | D:6      | Killed Edmund
  4912 | D:6      | Reached XP level 9. HP: 74/89 MP: 9/9
  5238 | D:7      | Found a snail-covered altar of Cheibriados.
  5354 | D:7      | Got an ebony mace
  5487 | D:7      | Found a shadowy altar of Dithmenos.
  5494 | D:7      | Found a blossoming altar of Fedhas.
  5507 | D:7      | Found a snail-covered altar of Cheibriados.
  5516 | D:7      | Found a corrupted altar of Lugonu.
  6245 | D:8      | Noticed a komodo dragon
  6263 | D:8      | Killed a komodo dragon
  6289 | D:8      | Noticed a komodo dragon
  6296 | D:8      | Killed a komodo dragon
  6332 | D:8      | Reached ***** piety under Wu Jian
  6477 | D:8      | Noticed an efreet
  6482 | D:8      | Killed an efreet
  6485 | D:8      | Reached XP level 10. HP: 102/102 MP: 10/10
  7193 | D:8      | Found a staircase to the Lair.
  7287 | Lair:1   | Entered Level 1 of the Lair of Beasts
  7287 | Lair:1   | Identified the ring "Ustalim" {Ice Int+3}
  7287 | Lair:1   | Noticed Fannar
  7303 | Lair:1   | Killed Fannar
  7304 | Lair:1   | Reached skill level 1 in Evocations
  7338 | Lair:1   | Noticed a six-headed hydra
  7347 | Lair:1   | Killed a six-headed hydra
  7458 | Lair:1   | Reached XP level 11. HP: 95/111 MP: 11/11
  7560 | Lair:1   | Noticed a lindwurm
  7562 | Lair:1   | Found a dark tunnel.
  7570 | Lair:1   | Killed a lindwurm
  7582 | Lair:1   | Identified a scroll of acquirement
  7583 | Lair:1   | Identified the -1 medium shield of Gallantry {rCorr} (You
                  | acquired it on level 1 of the Lair of Beasts)
  7583 | Lair:1   | Identified the ring of the Archfiend {MR++ AC+4 Str+3} (You
                  | acquired it on level 1 of the Lair of Beasts)
  7592 | Volcano  | Entered a volcano
  7617 | Volcano  | Noticed an ogre mage
  7617 | Volcano  | Noticed a two-headed ogre
  7617 | Volcano  | Noticed a two-headed ogre
  7621 | Volcano  | Killed a two-headed ogre
  7622 | Volcano  | Killed an ogre mage
  7623 | Volcano  | Killed a two-headed ogre
  7682 | Volcano  | Noticed a hell knight
  7690 | Volcano  | Killed a hell knight
  7750 | Volcano  | Noticed a two-headed ogre
  7756 | Volcano  | Killed a two-headed ogre
  7796 | Volcano  | Noticed a two-headed ogre
  7803 | Volcano  | Killed a two-headed ogre
  7804 | Volcano  | Reached skill level 10 in Unarmed Combat
  8519 | Lair:2   | Gained mutation: You heal very quickly. [Troll growth]
  8519 | Lair:2   | Reached XP level 12. HP: 123/123 MP: 14/14
  8787 | Lair:2   | Reached skill level 5 in Evocations
  9001 | Lair:2   | Found a staircase to the Swamp.
  9318 | Lair:2   | Learned a level 2 spell: Blink
  9347 | Lair:3   | Noticed a four-headed hydra
  9355 | Lair:3   | Killed a four-headed hydra
  9552 | Lair:3   | Reached skill level 10 in Fighting
  9552 | Lair:3   | Reached skill level 10 in Dodging
  9565 | Lair:3   | Reached skill level 1 in Translocations
  9593 | Lair:3   | Noticed an eight-headed hydra
  9832 | Lair:3   | Killed an eight-headed hydra
 10080 | Lair:3   | Found a hole to the Spider Nest.
 10685 | Lair:4   | Reached XP level 13. HP: 124/133 MP: 18/18
 10800 | Lair:4   | Reached skill level 5 in Spellcasting
 10825 | Lair:4   | Reached skill level 5 in Translocations
 11803 | Lair:5   | Found a transporter.
 11805 | Lair:5   | Identified the +5 spear of Kolet {flame, rPois}
 11809 | Lair:5   | Noticed yrara's ghost (journeyman DsFi)
 11810 | Lair:5   | Found a transporter.
 11815 | Lair:5   | Found a bloodstained altar of Trog.
 11846 | Lair:5   | Identified the cursed +1 spear of Desertification {speed,
                  | rF+ Str+4 Int+7}
 12149 | Lair:5   | Noticed an apis
 12243 | Lair:5   | Noticed an apis
 12253 | Lair:5   | Killed an apis
 12254 | Lair:5   | Reached skill level 6 in Throwing
 12257 | Lair:5   | Noticed an apis
 12356 | Lair:5   | Noticed an apis
 12371 | Lair:5   | Killed an apis
 12665 | D:9      | Found a transporter.
 12672 | D:9      | Noticed a vampire knight
 12681 | D:9      | Found a transporter.
 12886 | D:9      | Found an ancient bone altar of Kikubaaqudgha.
 12916 | D:9      | Found Epivvire's Elemental Accessories.
 13018 | D:9      | Bought a fan of gales (2/2) for 330 gold pieces
 13277 | D:9      | Found a portal to a secret trove of treasure.
 13743 | D:10     | Entered Level 10 of the Dungeon
 13977 | D:10     | Found a shattered altar of Ashenzari.
 14082 | D:10     | Reached skill level 7 in Throwing
 14558 | D:11     | Noticed Jorgrun
 14569 | D:11     | Killed Jorgrun
 14570 | D:11     | Reached XP level 14. HP: 85/143 MP: 20/20
 14611 | D:11     | Found a staircase to the Orcish Mines.
 14912 | D:11     | Reached skill level 8 in Throwing
 14994 | D:11     | Got a glittering iron amulet
 15082 | D:11     | Identified the amulet "Ibowet" {Acrobat rF+ Dex+2 SInv
                  | Stlth-} (You found it on level 11 of the Dungeon)
 15104 | Orc      | Entered the Orcish Mines
 15116 | Orc      | Noticed an orc warlord
 15117 | Orc      | Found Afaginti's General Store.
 15191 | Orc      | Found a staircase to the Slime Pits.
 15191 | Orc      | Found a viscous altar of Jiyva.
 15262 | Slime:1  | Entered Level 1 of the Pits of Slime
 15290 | Slime:1  | Reached ****** piety under Wu Jian
 15295 | Slime:1  | Reached skill level 5 in Stealth
 15330 | Orc      | Found Gocaolith's Antique Weapon Emporium.
 15444 | Orc      | Found Laphanui's Antique Armour Shop.
 15471 | Orc      | Bought a runed large shield for 157 gold pieces
 15630 | Orc      | Killed an orc warlord
 15696 | Orc      | Found Kodwotou's Jewellery Shop.
 15711 | Orc      | Reached skill level 9 in Throwing
 15719 | Orc      | Bought 88 poisoned tomahawks for 96 gold pieces
 15965 | D:12     | Entered Level 12 of the Dungeon
 15965 | D:12     | Noticed Maurice
 15967 | D:12     | Killed Maurice
 15973 | D:12     | Noticed Snorg
 15983 | D:12     | Killed Snorg
 16028 | D:12     | Noticed Frances
 16235 | D:12     | Noticed Rupert
 16245 | D:12     | Killed Rupert
 16246 | D:12     | Reached skill level 10 in Throwing
 16273 | D:12     | Found a staircase to the Depths.
 16354 | D:12     | Reached XP level 15. HP: 86/149 MP: 21/21
 16420 | D:12     | Found Qothuysk's Weapon Shoppe.
 16798 | D:12     | Found a gate to the Vaults.
 16844 | D:12     | Killed Frances
 16845 | D:12     | Reached skill level 10 in Evocations
 17382 | D:12     | Identified the +7 mace "Grim" {venom, rF+} (You found it on
                  | level 7 of the Dungeon)
 17716 | Lair:5   | Found a staircase to the Spriggan Forest.
 17779 | Lair:5   | Killed an apis
 17805 | Lair:5   | Killed an apis
 17858 | Lair:6   | Entered Level 6 of the Lair of Beasts
 17866 | Lair:6   | Found a frozen archway.
 18032 | IceCv    | Entered an ice cave
 18756 | Lair:6   | Got a faintly glowing bone ring
 19594 | Lair:6   | Identified the ring "Venosept" {Ice Int+4} (You found it on
                  | level 6 of the Lair of Beasts)
 19692 | Swamp:1  | Entered Level 1 of the Swamp
 19698 | Swamp:1  | Noticed a thorn hunter
 19719 | Swamp:1  | Found a transporter.
 19736 | Swamp:1  | Found a transporter.
 19839 | Swamp:1  | Gained mutation: Your flesh is cold resistant. (rC+) [Troll
                  | growth]
 19839 | Swamp:1  | Reached XP level 16. HP: 124/162 MP: 22/22
 19941 | Swamp:1  | Got a fading trident
 20197 | Swamp:1  | Killed a thorn hunter
 20374 | Swamp:1  | Noticed a thorn hunter
 20379 | Swamp:1  | Killed a thorn hunter
 20416 | Swamp:2  | Noticed a thorn hunter
 20430 | Swamp:2  | Noticed a thorn hunter
 20820 | Swamp:1  | Killed a thorn hunter
 20897 | Swamp:2  | Killed a thorn hunter
 21364 | Swamp:2  | Noticed a tentacled monstrosity
 21387 | Swamp:2  | Killed a tentacled monstrosity
 21519 | Swamp:2  | Noticed Roxanne
 21535 | Swamp:2  | Killed Roxanne
 21755 | Swamp:3  | Entered Level 3 of the Swamp
 21792 | Swamp:3  | Got a buzzing falchion
 22129 | Swamp:3  | Noticed a ghoul
 22147 | Swamp:3  | Killed a ghoul
 22168 | Swamp:3  | Noticed a ghoul
 22169 | Swamp:3  | Reached XP level 17. HP: 90/175 MP: 23/23
 22192 | Swamp:3  | Noticed a bone dragon
 22195 | Swamp:3  | Noticed a bone dragon
 22197 | Swamp:3  | Killed a bone dragon
 22203 | Swamp:3  | Killed a bone dragon
 22931 | Swamp:3  | Found a blossoming altar of Fedhas.
 22970 | Swamp:3  | Found a basalt altar of Yredelemnul.
 23146 | Swamp:3  | Identified the +4 trident of Qevaw {flame, rF++ rN+ Str+4}
                  | (You found it on level 1 of the Swamp)
 23146 | Swamp:3  | Identified the +8 falchion of Eternal Vigilance {speed, rC+
                  | Str+5} (You found it on level 3 of the Swamp)
 23146 | Swamp:3  | Got a decaying rune of Zot
 23306 | Spider:1 | Entered Level 1 of the Spider Nest
 24864 | Spider:2 | Noticed Arachne
 24868 | Spider:2 | Killed Arachne
 24938 | Spider:2 | Identified the +2 hat "Sunie" {rPois Regen+ Str+6 Dex-3}
                  | (You acquired it on level 2 of the Spider Nest)
 25855 | Spider:3 | Entered Level 3 of the Spider Nest
 25866 | Spider:3 | Reached XP level 18. HP: 158/187 MP: 24/24
 26426 | Spider:3 | Reached skill level 15 in Unarmed Combat
 26543 | Spider:3 | Got a gossamer rune of Zot
 26964 | Vaults:1 | Entered Level 1 of the Vaults
 26989 | Vaults:1 | Noticed Bai Suzhen
 27006 | D:12     | Killed Bai Suzhen
 27081 | Vaults:1 | Found a staircase to the Crypt.
 27196 | Vaults:1 | Found Rayrhan's Jewellery Shop.
 27292 | Vaults:1 | Found a magical portal.
 27297 | WizLab   | Entered The Chambers of the Cloud Mage
 27411 | Vaults:1 | Noticed Nikola
 27523 | Vaults:1 | Killed Nikola
 28115 | Vaults:1 | Identified the amulet "Dacoge" {Inacc rPois rF+ MP-9}
 28151 | Vaults:1 | Reached XP level 19. HP: 200/200 MP: 25/25
 28163 | Vaults:1 | Reached skill level 15 in Fighting
 28163 | Vaults:1 | Reached skill level 15 in Dodging
 29245 | Vaults:2 | Found Yxopox's Jewellery Shop.
 29756 | Vaults:2 | Noticed Zenata
 29769 | Vaults:2 | Killed Zenata
 30896 | Slime:2  | Gained mutation: Your flesh is heat resistant. (rF+) [Troll
                  | growth]
 30896 | Slime:2  | Reached XP level 20. HP: 177/210 MP: 27/29
 32081 | Slime:5  | Entered Level 5 of the Pits of Slime
 32325 | Slime:5  | Noticed the Royal Jelly
 32327 | Slime:5  | Reached skill level 15 in Evocations
 32331 | Slime:5  | Killed the Royal Jelly
 32365 | Slime:5  | Reached skill level 11 in Throwing
 32370 | Slime:5  | Identified the cursed +0 pair of gloves of the Elven Halls
                  | {rElec Dex+4}
 32387 | Slime:5  | Got a slimy rune of Zot
 32484 | Slime:5  | Identified the ring of Ykokhlom {rPois rN+ SInv}
 32868 | Orc      | Bought a potion of heal wounds for 55 gold pieces
 32868 | Orc      | Bought 58 curare-tipped needles for 191 gold pieces
 33170 | Vaults:3 | Entered Level 3 of the Vaults
 33175 | Vaults:3 | Reached skill level 1 in Shields
 33177 | Vaults:3 | Noticed a juggernaut
 33180 | Vaults:3 | Noticed a juggernaut
 33252 | Vaults:3 | Reached XP level 21. HP: 194/218 MP: 31/31
 33263 | Vaults:3 | Reached skill level 12 in Throwing
 33561 | Vaults:3 | Reached skill level 5 in Shields
 33613 | Vaults:3 | Killed a juggernaut
 33614 | Vaults:3 | Reached skill level 13 in Throwing
 33638 | Vaults:3 | Identified the cursed +3 broad axe of Courage {antimagic,
                  | rC+}
 33648 | Vaults:3 | Identified the Compendium of Black Secrets
 33672 | Vaults:3 | Identified the +1 hunting sling "Wourustu" {flame, rF-
                  | Str+8 Stlth-}
 33674 | Vaults:3 | Identified Lafaher's Disquisition on Warped Confrontation
 33806 | Vaults:3 | Identified the Handbook of Instinct
 33823 | Vaults:3 | Identified the +9 hand crossbow of Jemylaj {penet, Dex+8
                  | SInv Stlth-}
 33847 | Vaults:3 | Identified the ring "Poguachown" {Ice Str+3 Int+3 Stlth+}
                  | (You acquired it on level 3 of the Vaults)
 34098 | Vaults:3 | Reached skill level 14 in Throwing
 34112 | Vaults:3 | Reached XP level 22. HP: 109/227 MP: 32/32
 34660 | Vaults:3 | Killed a juggernaut
 34819 | Vaults:3 | Got a silver rune of Zot
 35276 | Vaults:3 | Identified the cursed +1 shortbow of the Thirteen Curses
                  | {flame, +Blink +Fly MP+9 Str+2}
 35642 | Depths:1 | Entered Level 1 of the Depths
 35644 | Depths:1 | Found a one-way gate to the infinite horrors of the Abyss.
 35726 | Depths:1 | Reached skill level 15 in Throwing
 35821 | Depths:1 | Identified the cursed ring "Qus Dic" {-Tele rC+ rN+ Str+4
                  | Stlth--}
 35855 | Depths:1 | Found a gateway to Hell.
 36048 | Depths:1 | Reached skill level 10 in Shields
 36853 | Depths:2 | Found a flickering gateway to a bazaar.
 36903 | Depths:2 | Reached XP level 23. HP: 178/235 MP: 33/33
 36914 | Bazaar   | Entered a bazaar
 36914 | Bazaar   | Found Nuun's Antique Weapon Emporium.
 36928 | Bazaar   | Found Inog's General Store.
 36936 | Bazaar   | Bought a wand of disintegration (11) for 97 gold pieces
 36948 | Bazaar   | Found Fes Icke's Antique Armour Emporium.
 36959 | Bazaar   | Found Kote's Magic Scroll Shop.
 36967 | Bazaar   | Bought a scroll of fog for 14 gold pieces
 36967 | Bazaar   | Bought a scroll of immolation for 24 gold pieces
 36967 | Bazaar   | Bought a scroll of teleportation for 21 gold pieces
 36967 | Bazaar   | Found Feodiwaw's Jewellery Shop.
 38289 | Depths:3 | Noticed a golden dragon
 38301 | Depths:2 | Killed a golden dragon
 38338 | Depths:3 | Noticed a Killer Klown
 38584 | Depths:2 | Killed a Killer Klown
 38592 | Depths:3 | Reached XP level 24. HP: 193/244 MP: 33/33
 38665 | Depths:3 | Identified the +7 war axe of Deformation {chop, +Inv rC++
                  | SInv}
 38676 | Hell     | Entered the Vestibule of Hell
 38676 | Hell     | Noticed Geryon
 38683 | Hell     | Killed Geryon
 38689 | Hell     | Noticed Murray
 38693 | Hell     | Reached skill level 15 in Shields
 38805 | Depths:3 | Identified Suizal's Papyrus of Ignition and Transformation
 38827 | Depths:3 | Identified the Catalogue of Entrancing Contamination
 39235 | Depths:3 | Found a bloodstained altar of Trog.
 39336 | Depths:3 | Found a one-way gate leading to the halls of Pandemonium.
 39733 | Depths:4 | Noticed a juggernaut
 39747 | Depths:4 | Killed a juggernaut
 40120 | Depths:4 | Found Homuot's Blood Bar.
 40416 | Depths:5 | Entered Level 5 of the Depths
 40458 | Depths:5 | Noticed a Killer Klown
 40470 | Depths:5 | Killed a Killer Klown
 40489 | Depths:5 | Noticed a golden dragon
 40501 | Depths:5 | Killed a golden dragon
 40502 | Depths:5 | Reached XP level 25. HP: 238/256 MP: 33/33
 40913 | Depths:5 | Found a gate to the Realm of Zot.
 41367 | Depths:5 | Found a gateway to a ziggurat.
 41757 | Zot:1    | Entered Level 1 of the Realm of Zot
 41767 | Zot:1    | Noticed a golden dragon
 41774 | Depths:5 | Reached skill level 16 in Throwing
 41818 | Zot:1    | Killed a golden dragon
 42052 | Zot:1    | Reached skill level 17 in Throwing
 42535 | Zot:1    | Reached skill level 18 in Throwing
 42922 | Zot:1    | Reached XP level 26. HP: 218/270 MP: 33/33
 43055 | Zot:1    | Found the +7 sceptre of Torment {pain, torment}
 43367 | Zot:2    | Reached skill level 19 in Throwing
 43861 | Zot:2    | Noticed a Killer Klown
 43879 | Zot:2    | Killed a Killer Klown
 44476 | Zot:2    | Reached skill level 20 in Throwing
 45167 | Zot:3    | Reached skill level 21 in Throwing
 45793 | Zot:4    | Found a runed door.
 45793 | Zot:4    | Noticed an orb of fire
 46181 | Zot:4    | Noticed a Killer Klown
 46181 | Zot:4    | Noticed a Killer Klown
 46183 | Zot:4    | Noticed a golden dragon
 46199 | Zot:4    | Reached XP level 27. HP: 166/279 MP: 33/33
 46676 | Zot:5    | Entered Level 5 of the Realm of Zot
 47109 | Zot:5    | Noticed an ancient lich
 47199 | Zot:5    | Killed an ancient lich
 47205 | Zot:5    | Noticed an orb of fire
 47207 | Zot:5    | Gained mutation: You are dopey. (Int -2) [an orb of fire]
 47208 | Zot:5    | Gained mutation: You are clumsy. (Dex -2) [an orb of fire]
 47222 | Zot:5    | Gained mutation: You have a pair of small horns on your
                  | head. [an orb of fire]
 47226 | Zot:5    | Killed an orb of fire
 47743 | Zot:5    | Noticed an orb of fire
 47752 | Zot:5    | Gained mutation: You are very dopey. (Int -4) [an orb of
                  | fire]
 47775 | Zot:5    | Killed an orb of fire
 47863 | Zot:5    | Noticed an ancient lich
 47977 | Zot:5    | Noticed an orb of fire
 47986 | Zot:5    | Killed an orb of fire
 47999 | Zot:5    | Lost mutation: You are clumsy. (Dex -2) [potion of
                  | mutation]
 47999 | Zot:5    | Lost mutation: You have a pair of small horns on your head.
                  | [potion of mutation]
 47999 | Zot:5    | Gained mutation: You are clumsy. (Dex -2) [potion of
                  | mutation]
 47999 | Zot:5    | Gained mutation: Your magical capacity is low. (-10% MP)
                  | [potion of mutation]
 47999 | Zot:5    | Gained mutation: You are resistant to hostile enchantments.
                  | (MR+) [potion of mutation]
 48000 | Zot:5    | Lost mutation: You are clumsy. (Dex -2) [potion of
                  | mutation]
 48000 | Zot:5    | Lost mutation: You are very dopey. (Int -4) [potion of
                  | mutation]
 48000 | Zot:5    | Lost mutation: You are dopey. (Int -2) [potion of mutation]
 48000 | Zot:5    | Lost mutation: You are resistant to hostile enchantments.
                  | (MR+) [potion of mutation]
 48000 | Zot:5    | Gained mutation: Your body sometimes deteriorates upon
                  | taking damage. [potion of mutation]
 48000 | Zot:5    | Gained mutation: You are partially covered in iridescent
                  | scales. (AC +2) [potion of mutation]
 48000 | Zot:5    | Gained mutation: You are partially covered in yellow
                  | scales. (AC +2) [potion of mutation]
 48000 | Zot:5    | Gained mutation: You possess an exceptional clarity of
                  | mind. [potion of mutation]
 48001 | Zot:5    | Lost mutation: You are partially covered in yellow scales.
                  | (AC +2) [potion of mutation]
 48001 | Zot:5    | Lost mutation: Your body sometimes deteriorates upon taking
                  | damage. [potion of mutation]
 48001 | Zot:5    | Lost mutation: You possess an exceptional clarity of mind.
                  | [potion of mutation]
 48001 | Zot:5    | Lost mutation: You are partially covered in iridescent
                  | scales. (AC +2) [potion of mutation]
 48001 | Zot:5    | Gained mutation: You tend to lose your temper in combat.
                  | [potion of mutation]
 48001 | Zot:5    | Gained mutation: You are frail. (-10% HP) [potion of
                  | mutation]
 48001 | Zot:5    | Gained mutation: Your spells are a little easier to cast,
                  | but a little less powerful. [potion of mutation]
 48001 | Zot:5    | Gained mutation: Your muscles are strong. (Str +2) [potion
                  | of mutation]
 48002 | Zot:5    | Lost mutation: You are frail. (-10% HP) [potion of
                  | mutation]
 48002 | Zot:5    | Lost mutation: Your muscles are strong. (Str +2) [potion of
                  | mutation]
 48002 | Zot:5    | Gained mutation: Your magical capacity is very low. (-20%
                  | MP) [potion of mutation]
 48002 | Zot:5    | Gained mutation: You have sharp toenails. [potion of
                  | mutation]
 48002 | Zot:5    | Gained mutation: You have a pair of small antennae on your
                  | head. [potion of mutation]
 48003 | Zot:5    | Lost mutation: Your magical capacity is very low. (-20% MP)
                  | [potion of mutation]
 48003 | Zot:5    | Lost mutation: You have a pair of small antennae on your
                  | head. [potion of mutation]
 48003 | Zot:5    | Lost mutation: You tend to lose your temper in combat.
                  | [potion of mutation]
 48003 | Zot:5    | Gained mutation: You tend to lose your temper in combat.
                  | [potion of mutation]
 48003 | Zot:5    | Gained mutation: You are partially covered in slimy green
                  | scales. (AC +2) [potion of mutation]
 48004 | Zot:5    | Lost mutation: Your spells are a little easier to cast, but
                  | a little less powerful. [potion of mutation]
 48004 | Zot:5    | Lost mutation: You tend to lose your temper in combat.
                  | [potion of mutation]
 48004 | Zot:5    | Lost mutation: You have sharp toenails. [potion of
                  | mutation]
 48004 | Zot:5    | Gained mutation: Your skin changes colour to match your
                  | surroundings (Stealth+). [potion of mutation]
 48004 | Zot:5    | Gained mutation: You expend magic power (3 MP) to
                  | strengthen your wands. [potion of mutation]
 48033 | Zot:5    | Killed an ancient lich
 48399 | Zot:5    | Noticed an ancient lich
 48401 | Zot:5    | Killed an ancient lich
 48728 | Zot:5    | Got the Orb of Zot
 48766 | Zot:5    | Noticed a seraph
 49081 | D:8      | Noticed Axejul the pandemonium lord
 49081 | D:8      | Noticed an ancient lich
 49113 | D:5      | Gained mutation: Potions are less effective at restoring
                  | your health. [a cacodemon]
 49235 | D:$      | Escaped with the Orb!

Skill      XL: |  1  2  3  4  5  6  7  8  9 10 11 12 13 14 15 16 17 18 19 20 21 22 23 24 25 26 27 |
---------------+----------------------------------------------------------------------------------+-----
Fighting       | 3 4 5 7 8 9 10 11 12 13 14 15 16 17 20 | 20.0
Stealth        | 1 2 4 5 |  5.0
Dodging        | 3 5 7 8 9 10 11 12 13 14 15 | 15.6
Unarmed Combat | 5 6 7 9 10 11 13 14 15 16 17 20 | 20.0
Throwing       | 1 3 5 7 10 11 14 15 18 21 | 21.0
Evocations     | 2 4 5 6 9 10 13 15 | 15.0
Translocations | 4 5 |  5.0
Spellcasting   | 4 5 |  5.0
Shields        | 2 7 11 14 15 | 15.0
Hexes          | |  1.0

Action                   |  1- 3 |  4- 6 |  7- 9 | 10-12 | 13-15 | 16-18 | 19-21 | 22-24 | 25-27 || total
-------------------------+-------+-------+-------+-------+-------+-------+-------+-------+-------++-------
Melee: Unarmed           |    99 |   130 |   296 |   335 |  1119 |  1091 |  1246 |  1143 |   931 ||  6390
       Punch             |       |     2 |     8 |    25 |    73 |   118 |   158 |    12 |       ||   396
       Blowgun           |       |       |       |       |       |     5 |       |       |       ||     5
       Headbutt          |       |       |       |       |       |       |       |       |    11 ||    11
 Fire: Blowgun           |       |       |       |       |       |    42 |     3 |     4 |       ||    49
Throw: Tomahawk          |       |       |    11 |    74 |   150 |    80 |    97 |   183 |       ||   595
       Javelin           |       |       |       |       |       |   127 |       |       |       ||   127
       Large rock        |       |       |       |       |       |       |       |    45 |   428 ||   473
       Throwing net      |       |       |       |       |       |       |       |       |     5 ||     5
 Cast: Blink             |       |       |       |     2 |       |     8 |       |       |       ||    10
Invok: Heavenly Storm    |       |       |     2 |     5 |     7 |    15 |    12 |    13 |     6 ||    60
 Abil: Lunge             |    11 |    13 |    24 |    23 |    67 |    65 |    92 |    96 |    36 ||   427
       Whirlwind         |       |     8 |    75 |    77 |   286 |   417 |   500 |   494 |   199 ||  2056
       Serpent's Lash    |       |     1 |     5 |    10 |    14 |    28 |    26 |    25 |    16 ||   125
       Wall Jump         |       |       |       |     4 |     1 |     3 |     1 |     1 |     2 ||    12
Evoke: Wand              |       |       |     1 |     2 |    25 |    28 |     6 |     3 |    68 ||   133
       Phantom mirror    |       |       |       |     1 |       |       |     1 |       |     1 ||     3
       Lamp of fire      |       |       |       |       |     4 |     7 |     4 |     3 |     6 ||    24
       Fan of gales      |       |       |       |       |     3 |     5 |     2 |     1 |     6 ||    17
       Box of beasts     |       |       |       |       |       |       |     1 |       |     2 ||     3
       Phial of floods   |       |       |       |       |       |       |       |     3 |     4 ||     7
       Sack of spiders   |       |       |       |       |       |       |       |     5 |     9 ||    14
       Lightning rod     |       |       |       |       |       |       |       |     4 |    19 ||    23
  Use: Scroll            |       |     8 |     4 |     4 |    28 |    15 |    10 |     9 |    10 ||    88
       Potion            |       |       |       |       |     5 |     5 |    10 |     2 |    11 ||    33
 Stab: Sleeping          |     1 |     2 |     3 |     3 |     6 |     1 |     2 |     3 |     3 ||    24
       Distracted        |       |       |       |       |     5 |     3 |     1 |     2 |     4 ||    15
       Paralysed         |       |       |       |       |       |     6 |       |       |     9 ||    15
       Confused          |       |       |       |       |       |       |       |     2 |     2 ||     4
       Invisible         |       |       |       |       |       |       |       |     1 |     4 ||     5
  Eat: Chunk             |    15 |    12 |    32 |    38 |    88 |    70 |    31 |    59 |    83 ||   428
       Ration            |       |       |     1 |       |     2 |     5 |     9 |     2 |     1 ||    20
Armor: Skin              |    38 |    24 |    77 |    88 |   326 |   345 |   228 |   176 |   135 ||  1437
Dodge: Dodged            |    40 |    35 |   124 |   158 |   719 |   732 |   479 |   350 |   303 ||  2940
Block: Medium shield     |       |       |       |       |       |       |       |   287 |       ||   287
       Large shield      |       |       |       |       |       |       |       |   215 |   886 ||  1101
